Map: Newkirk Precinct TE (Void)

Players

Nerchio - Winner!

  • Race: Zerg Zerg
  • Spawn Location: 5:00

Neeb

  • Race: Protoss Protoss
  • Spawn Location: 7:00

Event: WESG 2016 Finals

VOD

https://www.youtube.com/watch?v=BEndEMRpPD8

Description

Time

  • Played on: Jan. 14, 2017, 12:35 a.m.
  • Length: 11:51

All games in this series

Show
View Real Time Build Order
Export as new Build Order

Nerchio Zerg - Winner!

Build Orders: Hatch First 

Get SALT Encoding   

  12  0:00  Drone  
  13  0:13  Overlord  
  13  0:18  Drone  
  14  0:31  Drone x2  
  14  0:34  Drone  
  17  0:52  Drone  
  17  0:56  Hatchery  
  17  1:00  Drone  
  18  1:07  Extractor  
  17  1:16  Spawning Pool  
  17  1:18  Drone  
  17  1:22  Drone  
  18  1:29  Drone  
  19  1:38  Overlord  
  19  1:50  Drone  
  20  2:02  Queen  
  20  2:03  Zergling x2  
  20  2:06  Metabolic Boost  
  23  2:09  Queen  
  23  2:12  Zergling x2  
  26  2:17  Drone  
  26  2:19  Drone  
  26  2:22  Drone  
  29  2:29  Drone  
  30  2:34  Drone  
  31  2:44  Hatchery  
  31  2:47  Drone  
  31  2:49  Drone  
  32  2:53  Zergling x2  
  32  2:56  Overlord  
  33  3:03  Drone  
  34  3:08  Zergling x2  
  34  3:14  Queen, Overlord  
  36  3:20  Drone x3  
  36  3:21  Drone  
  36  3:25  Spore Crawler  
  36  3:26  Drone  
  39  3:28  Drone  
  39  3:31  Drone  
  41  3:34  Drone  
  41  3:35  Drone  
  43  3:42  Lair  
  43  3:46  Roach Warren  
  42  3:48  Drone  
  42  3:51  Drone  
  42  3:52  Drone  
  42  3:55  Drone  
  46  3:57  Drone, Extractor  
  46  4:00  Drone  
  46  4:01  Extractor  
  46  4:02  Drone  
  47  4:03  Drone  
  47  4:06  Drone  
  47  4:07  Drone  
  47  4:08  Drone  
  51  4:12  Overlord  
  50  4:22  Overlord  
  50  4:28  Roach x3  
  56  4:31  Roach  
  56  4:32  Roach x2  
  56  4:34  Roach  
  64  4:41  Drone  
  64  4:42  Drone x5  
  70  4:48  Evolution Chamber, Queen  
  71  4:54  Spore Crawler  
  71  4:58  Glial Reconstitution, Overlord x2  
  70  5:03  Drone x4  
  70  5:07  Overlord  
  74  5:13  Zerg Missile Weapons Level 1  
  74  5:14  Overlord  
  74  5:15  Extractor  
  73  5:22  Roach  
  73  5:23  Roach  
  73  5:27  Roach  
  79  5:31  Queen  
  80  5:36  Drone x10  
  80  5:39  Drone  
  80  5:40  Drone x2  
  93  5:55  Extractor, Hydralisk Den, Hatchery  
  90  5:59  Drone x4  
  90  6:00  Drone x3  
  90  6:03  Extractor  
  96  6:07  Drone x3  
  96  6:09  Spore Crawler  
  98  6:11  Overlord  
  98  6:15  Queen  
  98  6:17  Overlord  
  98  6:37  Hydralisk x6, Muscular Augments  
  98  6:38  Hydralisk  
  112  6:42  Hydralisk  
  112  6:43  Hydralisk  
  112  6:44  Overseer  
  116  6:48  Hydralisk x2  
  116  6:51  Overlord  
  116  6:53  Overlord  
  120  6:55  Overlord  
  120  6:57  Overlord  
  119  7:11  Overseer  
  119  7:12  Zerg Missile Weapons Level 2  
  119  7:19  Drone x5  
  119  7:20  Drone x2, Queen  
  128  7:22  Overlord  
  128  7:23  Overlord  
  128  7:24  Baneling Nest  
  128  7:26  Hydralisk x3  
  128  7:29  Hydralisk  
  133  7:30  Hydralisk  
  133  7:36  Drone x5  
  140  7:39  Drone x2  
  140  7:45  Hydralisk x3  
  140  7:50  Hydralisk  
  140  7:51  Hydralisk  
  148  7:52  Hydralisk  
  148  7:55  Hydralisk  
  148  7:57  Hydralisk  
  148  7:58  Extractor  
  155  8:06  Spore Crawler  
  155  8:07  Spine Crawler  
  155  8:08  Zergling x4  
  155  8:09  Zergling x10  
  155  8:12  Overlord  
  160  8:13  Overlord  
  160  8:17  Pneumatized Carapace  
  160  8:26  Zergling x18  
  169  8:29  Centrifical Hooks  
  169  8:32  Zergling x6  
  172  8:34  Zergling x2  
  172  8:36  Zergling x2  
  172  8:37  Zergling x4  
  172  8:39  Zergling x2  
  156  8:50  Zergling x14  
  152  8:56  Hydralisk x4  
  152  8:58  Hydralisk  
  152  8:59  Hydralisk  
  153  9:05  Hydralisk x2  
  153  9:07  Hydralisk  
  153  9:09  Baneling x5  
  153  9:10  Baneling x2  
  153  9:11  Baneling x2  
  153  9:13  Hydralisk  
  153  9:15  Hydralisk  
  157  9:17  Hydralisk  
  157  9:19  Baneling x4  
  157  9:23  Hydralisk x2  
  159  9:27  Hydralisk  
  159  9:28  Hydralisk  
  163  9:41  Hydralisk x5  
  163  9:43  Baneling  
  163  9:44  Baneling x2  
  171  9:47  Overlord  
  171  9:52  Zergling x10  
  164  9:55  Hydralisk  
  164  9:56  Hydralisk  
  161  10:00  Zergling x6  
  161  10:05  Zergling x10  
  162  10:18  Lurker Den  
  162  10:19  Zergling x20  
  172  10:23  Baneling x8  
  172  10:24  Baneling x2  
  172  10:29  Baneling x8  
  172  10:30  Zergling x2  
  173  10:36  Zergling x12  
  173  10:40  Baneling x6  
  173  10:41  Baneling x2  
  173  10:42  Zergling x2  
  180  10:43  Zergling x2  
  180  10:49  Zergling x6  
  184  10:54  Baneling x2  
  184  10:55  Baneling x2  
  183  11:03  Zergling x2  
  183  11:04  Zergling x20  
  171  11:09  Zergling x2  
  171  11:10  Overseer x2  
  166  11:13  Zergling x2  
  166  11:14  Zergling x2  
  166  11:15  Hydralisk  
  146  11:19  Hydralisk  
  146  11:20  Hydralisk  
  146  11:23  Hydralisk  
  146  11:25  Hydralisk  
  143  11:30  Baneling x2  
  150  11:34  Baneling x6  
  150  11:35  Baneling x3  
Show
View Real Time Build Order
Export as new Build Order

Neeb Protoss 

Build Orders: 1 Gate Expand, Zealot Archon 

Get SALT Encoding   

  12  0:00  Probe (Chrono Boost)  
  14  0:16  Pylon  
  14  0:18  Probe (Chrono Boost)  
  15  0:28  Probe (Chrono Boost)  
  15  0:37  Gateway  
  15  0:39  Probe (Chrono Boost)  
  16  0:45  Assimilator  
  17  0:50  Probe (Chrono Boost)  
  17  1:00  Probe (Chrono Boost)  
  18  1:11  Probe (Chrono Boost)  
  19  1:24  Nexus  
  19  1:27  Probe (Chrono Boost)  
  20  1:37  Cybernetics Core  
  20  1:40  Probe (Chrono Boost)  
  20  1:45  Assimilator  
  21  1:51  Probe (Chrono Boost)  
  22  1:54  Pylon  
  22  2:01  Probe (Chrono Boost)  
  23  2:10  Adept  
  23  2:14  Probe (Chrono Boost), Warp Gate  
  26  2:27  Probe (Chrono Boost)  
  27  2:36  Mothership Core (Chrono Boost)  
  29  2:38  Probe (Chrono Boost)  
  30  2:45  Twilight Council  
  30  2:48  Probe (Chrono Boost)  
  31  2:54  Probe (Chrono Boost)  
  32  2:59  Probe (Chrono Boost)  
  32  3:05  Probe (Chrono Boost)  
  34  3:09  Probe (Chrono Boost)  
  34  3:12  Robotics Facility  
  35  3:15  Probe (Chrono Boost)  
  37  3:20  Probe (Chrono Boost), Adept  
  37  3:26  Probe (Chrono Boost)  
  40  3:30  Probe (Chrono Boost)  
  40  3:32  Gateway  
  39  3:35  Pylon  
  39  3:36  Probe (Chrono Boost)  
  41  3:41  Probe (Chrono Boost)  
  41  3:43  Gateway  
  41  3:46  Gateway  
  41  3:47  Probe (Chrono Boost)  
  42  3:52  Probe (Chrono Boost)  
  43  3:57  Warp Prism  
  43  3:58  Probe (Chrono Boost)  
  43  4:00  Dark Shrine  
  46  4:04  Probe (Chrono Boost)  
  46  4:08  Assimilator  
  48  4:11  Probe (Chrono Boost)  
  48  4:12  Assimilator  
  48  4:14  Probe (Chrono Boost)  
  49  4:18  Pylon  
  49  4:23  Probe (Chrono Boost)  
  50  4:25  Probe (Chrono Boost)  
  51  4:33  Nexus  
  51  4:36  Probe (Chrono Boost)  
  51  4:37  Probe (Chrono Boost)  
  53  4:39  Pylon  
  53  4:48  Probe (Chrono Boost)  
  53  4:49  Probe (Chrono Boost)  
  53  4:50  Immortal  
  60  5:00  Probe (Chrono Boost)  
  60  5:12  Dark Templar x4  
  60  5:13  Probe (Chrono Boost)  
  69  5:16  Archon x2  
  69  5:17  Pylon  
  69  5:20  Probe (Chrono Boost)  
  70  5:22  Forge  
  70  5:32  Pylon  
  70  5:36  Probe (Chrono Boost), Observer  
  70  5:39  Probe (Chrono Boost)  
  70  5:42  Protoss Ground Weapons Level 1  
  73  5:45  Sentry x3  
  73  5:46  Probe (Chrono Boost)  
  73  5:47  Probe (Chrono Boost)  
  82  5:51  Probe (Chrono Boost)  
  82  5:56  Gateway  
  83  5:57  Probe (Chrono Boost)  
  83  5:58  Probe (Chrono Boost)  
  83  5:59  Gateway  
  83  6:02  Pylon  
  83  6:04  Immortal  
  88  6:06  Probe (Chrono Boost)  
  88  6:08  Probe (Chrono Boost)  
  90  6:13  Charge  
  90  6:15  Probe (Chrono Boost)  
  92  6:18  Probe (Chrono Boost)  
  92  6:21  Assimilator  
  92  6:25  Assimilator  
  92  6:27  Probe (Chrono Boost)  
  92  6:28  Probe (Chrono Boost)  
  94  6:35  Probe (Chrono Boost)  
  94  6:38  Probe (Chrono Boost)  
  96  6:40  Probe (Chrono Boost)  
  96  6:41  Adept x4  
  96  6:43  Immortal  
  109  6:50  Templar Archives  
  109  6:52  Gateway  
  109  6:53  Gateway  
  109  6:57  Pylon  
  109  6:59  Pylon  
  109  7:02  Pylon  
  109  7:07  Probe (Chrono Boost)  
  107  7:08  Probe (Chrono Boost)  
  107  7:16  Zealot  
  107  7:17  Zealot x2  
  107  7:21  Zealot  
  107  7:22  Immortal  
  119  7:37  Protoss Ground Weapons Level 2  
  119  7:43  Zealot x2, High Templar x2  
  123  7:47  Pylon  
  123  7:48  Pylon, Archon  
  123  7:50  Pylon x2  
  123  7:57  High Templar x2  
  123  7:58  Zealot x2  
  131  7:59  Probe (Chrono Boost)  
  131  8:01  Probe (Chrono Boost)  
  131  8:03  Nexus  
  131  8:04  Immortal  
  138  8:05  Probe (Chrono Boost), Pylon  
  138  8:06  Pylon  
  138  8:07  Archon  
  138  8:20  Pylon  
  138  8:21  High Templar  
  138  8:22  Zealot x4, High Templar  
  138  8:26  Archon  
  148  8:30  Gateway  
  148  8:32  Gateway  
  148  8:37  Stargate  
  148  8:38  Immortal  
  148  8:40  Zealot x2  
  153  8:53  Zealot x3  
  153  8:54  Zealot x3  
  163  8:57  Probe (Chrono Boost)  
  163  8:58  Probe (Chrono Boost)  
  163  8:59  Probe (Chrono Boost)  
  166  9:08  High Templar x2  
  170  9:14  Warp Prism, Archon  
  170  9:15  High Templar x2  
  170  9:16  Zealot x3  
  180  9:19  Archon  
  182  9:25  Assimilator  
  182  9:26  Assimilator  
  182  9:28  Pylon  
  182  9:31  Photon Cannon  
  182  9:42  High Templar  
  182  9:43  Zealot x3, High Templar x3  
  196  9:49  Psionic Storm  
  196  9:51  Archon  
  174  9:54  Immortal  
  155  10:04  Probe x2 (Chrono Boost)  
  155  10:05  Probe (Chrono Boost)  
  156  10:08  High Templar  
  156  10:09  Photon Cannon, Pylon  
  156  10:13  High Templar  
  148  10:18  Zealot  
  148  10:19  Zealot x6  
  148  10:20  High Templar  
  164  10:27  Photon Cannon  
  164  10:28  Photon Cannon  
  164  10:29  Immortal  
  168  10:40  Photon Cannon  
  168  10:43  High Templar  
  169  10:52  Zealot x8  
  181  11:04  Immortal  
  151  11:05  Zealot  
  119  11:15  Archon x2  
  106  11:18  Zealot x5  
  106  11:19  Zealot x4  
  93  11:29  Zealot  
  93  11:30  Mothership Core (Chrono Boost)  
  97  11:40  High Templar x3  
  97  11:42  Zealot x3  
  97  11:44  Archon  
Tags
 
Add a new tag
Caveats
  • Supply blocks, unpowered buildings, or Contaminate may cause inaccurate times.
  • Supply counts are checked every 10 seconds.